[Event "Titled Tuesday Blitz May 2 Early 2023"]
[White "Melikhov, Evgeny V."]
[Black "Nikologorskiy, Konstantin"]
[WhiteFideId "4122046"]
[BlackFideId "24111708"]
[WhiteElo "2158"]
[BlackElo "2293"]
[Result "0-1"]
[Round "09"]
[TimeControl "180+2"]
[Date "2023.05.02"]
[WhiteClock "0:00:05"]
[BlackClock "0:00:06"]

1. d4 Nf6 2. c4 e6 3. Nc3 Bb4 4. Qc2 O-O 5. e4 d5 6. e5 Ne4 7. Bd3 c5 8. Nf3 cxd4 9. Nxd4 Nd7 10. Bf4 Ndc5 11. O-O Bxc3 12. bxc3 Bd7 13. cxd5 exd5 14. Be2 Rc8 15. f3 Ng5 16. Rac1 Nge6 17. Be3 Qa5 18. Nb3 Nxb3 19. Qxb3 Bc6 20. f4 Nc5 21. Qb4 Qxb4 22. cxb4 Ne4 23. b5 Bd7 24. Bxa7 Nc3 25. Bf3 Bxb5 26. Rfe1 Ba6 27. Bd4 Nxa2 28. Rxc8 Rxc8 29. Bxd5 Nb4 30. Be4 Rd8 31. Bc3 Nc6 32. h3 g6 33. f5 Bd3 34. Bxd3 Rxd3 35. e6 Rxc3 36. e7 Nxe7 37. Rxe7 Rc1+ 38. Kf2 b5 39. f6 h5 40. Rb7 Kh7 41. Rxf7+ Kh6 42. Rb7 Rb1 43. f7 Kg7 44. g4 h4 45. g5 Rb3 46. Kg2 Rg3+ 47. Kh2 Rxg5 48. Rc7 Rf5 49. Rb7 Rf2+ 50. Kg1 Rb2 51. Kf1 g5 52. Kg1 Kf8 53. Kf1 Rb3 54. Kg2 Rg3+ 55. Kh2 Rb3 56. Kg2 b4 57. Kh2 Rb2+ 58. Kg1 Kg7 59. Kf1 Rh2 60. Kg1 Rxh3 61. Rxb4 Kxf7 62. Rb6 Rg3+ 63. Kh2 Rf3 64. Kg2 Rf6 65. Rb4 Kg6 66. Kh3 Rf3+ 67. Kg2 Rg3+ 68. Kh2 Kh5 69. Rb8 Ra3 70. Rb4 Ra2+ 71. Kh3 g4+ 72. Rxg4 Ra3+ 0-1


[Site "https://www.chess.com"]

[Event "Titled Tuesday Blitz May 2 Early 2023"]
[White "Gracia Alvarez, Gerardo Antonio"]
[Black "Sousa, Andre Ventura"]
[WhiteFideId "5109124"]
[BlackFideId "1917617"]
[WhiteElo "2160"]
[BlackElo "2348"]
[Result "0-1"]
[Round "09"]
[TimeControl "180+2"]
[Date "2023.05.02"]
[WhiteClock "0:00:58"]
[BlackClock "0:01:58"]

1. e4 e5 2. Nc3 Nf6 3. d4 exd4 4. Qxd4 Nc6 5. Qd3 Bb4 6. Bd2 O-O 7. O-O-O Re8 8. Nge2 d6 9. Bg5 h6 10. Bxf6 Qxf6 11. Nd5 Qd8 12. Nxb4 Nxb4 13. Qd2 a5 14. a3 Nc6 15. Nc3 Be6 16. f3 Ne5 17. Qd4 Qg5+ 18. Kb1 Red8 19. h4 Qf6 20. Be2 c6 21. g4 b5 22. g5 hxg5 23. hxg5 Qf4 24. Na2 b4 25. a4 c5 26. Qf2 b3 27. Nc3 bxc2+ 28. Kxc2 Rab8 29. Rdg1 Rxb2+ 30. Kxb2 Qd2+ 0-1


[Site "https://www.chess.com"]

[Event "Titled Tuesday Blitz May 2 Early 2023"]
[White "Hajiyev, Kanan"]
[Black "Topalov, Aleksandar"]
[WhiteFideId "13404148"]
[BlackFideId "925659"]
[WhiteElo "2103"]
[BlackElo "2151"]
[Result "0-1"]
[Round "09"]
[TimeControl "180+2"]
[Date "2023.05.02"]
[WhiteClock "0:00:01"]
[BlackClock "0:01:06"]

1. d4 Nf6 2. Nf3 g6 3. g3 Bg7 4. Bg2 O-O 5. O-O c5 6. d5 d6 7. Nc3 Na6 8. h3 Nc7 9. a4 b6 10. e4 a6 11. Re1 Rb8 12. e5 Nfe8 13. Bf4 b5 14. axb5 axb5 15. h4 b4 16. Ne4 Bf5 17. exd6 exd6 18. Bg5 Nf6 19. Ra7 Bxe4 20. Rxe4 h6 21. Bxf6 Bxf6 22. h5 g5 23. Rg4 Bxb2 24. Nh4 Bg7 25. Nf5 Nb5 26. Re7 Re8 27. Qe1 Rxe7 28. Nxe7+ Kf8 29. Nf5 Nd4 30. Nxd4 Bxd4 31. Qe4 Qf6 32. Qe2 Re8 33. Be4 Qe5 34. Kg2 f5 35. Bxf5 Qxe2 0-1


[Site "https://www.chess.com"]

[Event "Titled Tuesday Blitz May 2 Early 2023"]
[White "Gatterer, Florian"]
[Black "Erzhanov, Arman"]
[WhiteFideId "811688"]
[BlackFideId "4138821"]
[WhiteElo "2221"]
[BlackElo "2138"]
[Result "1/2-1/2"]
[Round "09"]
[TimeControl "180+2"]
[Date "2023.05.02"]
[WhiteClock "0:00:08"]
[BlackClock "0:01:43"]

1. e4 d6 2. d4 Nf6 3. Nc3 c6 4. f4 Qb6 5. e5 Nd5 6. Nxd5 cxd5 7. c3 Bf5 8. Qb3 e6 9. Be3 Nc6 10. Qxb6 axb6 11. Bb5 Kd7 12. Nf3 Be7 13. exd6 Bxd6 14. Ne5+ Bxe5 15. fxe5 Ra5 16. a4 Rha8 17. O-O Ke7 18. Bg5+ Ke8 19. Be3 Bc2 20. b3 Bxb3 21. Rfb1 Bxa4 22. Bxc6+ Bxc6 23. Rxa5 Rxa5 24. Rxb6 Ra3 25. Bd2 Ra2 26. Be1 Kd7 27. h3 Kc7 28. Rb4 Ba4 29. Rb1 Bc2 30. Rc1 Be4 31. Bf2 b5 32. h4 h5 33. Re1 Rc2 34. Ra1 Kb7 35. Ra3 Bd3 36. Be3 Be4 37. Bf2 Kb6 38. Kf1 Kb7 39. Kg1 1/2-1/2


[Site "https://www.chess.com"]

[Event "Titled Tuesday Blitz May 2 Early 2023"]
[White "Novikova, Galina"]
[Black "Shukhman, Anna"]
[WhiteFideId "4157095"]
[BlackFideId "54180058"]
[WhiteElo "1953"]
[BlackElo "2125"]
[Result "1-0"]
[Round "09"]
[TimeControl "180+2"]
[Date "2023.05.02"]
[WhiteClock "0:00:23"]
[BlackClock "0:00:52"]

1. e4 c5 2. Nf3 e6 3. b4 cxb4 4. a3 d5 5. e5 d4 6. axb4 Bxb4 7. Bd3 Nc6 8. c3 dxc3 9. dxc3 Bc5 10. O-O Nge7 11. Re1 h6 12. Qe2 b6 13. Na3 Bb7 14. Nb5 a6 15. Nd6+ Bxd6 16. exd6 Qxd6 17. Ba3 Qc7 18. Qe4 Rd8 19. Rad1 Na5 20. Qh4 Nd5 21. Qg4 g5 22. Rxe6+ Kd7 23. Rxb6+ Ke8 24. Re1+ Ne7 25. Rxe7+ Qxe7 26. Bxe7 Rxd3 27. h3 Rd1+ 28. Kh2 Kxe7 29. Rxb7+ Nxb7 30. Qe4+ Kf6 31. Qxb7 Rhd8 32. Nd4 Rd6 33. Qf3+ Ke7 34. Qxd1 Kd7 35. Qa4+ Kc7 36. Qc4+ Kd8 37. Qxf7 a5 38. Ne6+ Rxe6 39. Qxe6 g4 40. hxg4 h5 41. g5 a4 42. g6 h4 43. g7 h3 44. g8=Q+ Kc7 45. Qgf7+ Kd8 46. Qee8# 1-0


[Site "https://www.chess.com"]

[Event "Titled Tuesday Blitz May 2 Early 2023"]
[White "Buchenau, Frank"]
[Black "Korelskiy, Egor"]
[WhiteFideId "4604350"]
[BlackFideId "34329064"]
[WhiteElo "2157"]
[BlackElo "2186"]
[Result "0-1"]
[Round "09"]
[TimeControl "180+2"]
[Date "2023.05.02"]
[WhiteClock "0:00:03"]
[BlackClock "0:01:00"]

1. e4 c5 2. Nf3 e6 3. d4 cxd4 4. Nxd4 a6 5. Bd3 Nf6 6. O-O Qc7 7. c4 Be7 8. b3 O-O 9. Bb2 b6 10. Nc3 Bb7 11. Rc1 d6 12. Qe2 Nbd7 13. f4 Rac8 14. b4 Rfd8 15. a3 Bf8 16. Nf3 a5 17. Nb5 Qb8 18. e5 Ne8 19. Bxh7+ Kh8 20. Ng5 g6 21. exd6+ Bg7 22. f5 exf5 23. Rf4 Bxb2 24. Qxb2+ Nef6 25. Re1 Re8 26. Rxe8+ Rxe8 27. Rh4 Kg7 28. Bxg6 Kxg6 29. Nh3 Re1+ 30. Kf2 Qe8 31. Nf4+ Kg5 0-1


[Site "https://www.chess.com"]

[Event "Titled Tuesday Blitz May 2 Early 2023"]
[White "Eggink, Ryszard"]
[Black "Tsyhanchuk, Stanislav"]
[WhiteFideId "1125869"]
[BlackFideId "13505130"]
[WhiteElo "2283"]
[BlackElo "2173"]
[Result "1-0"]
[Round "09"]
[TimeControl "180+2"]
[Date "2023.05.02"]
[WhiteClock "0:00:18"]
[BlackClock "0:00:10"]

1. d4 Nf6 2. c4 e6 3. Nf3 b6 4. g3 Bb7 5. Bg2 d6 6. O-O Nbd7 7. Nc3 Be7 8. d5 exd5 9. cxd5 O-O 10. e4 a5 11. Re1 Nc5 12. e5 dxe5 13. Nxe5 Re8 14. Bf4 Bf8 15. Qd2 Rc8 16. Rad1 Bd6 17. Nb5 Bxe5 18. Bxe5 Nxd5 19. Bxd5 Bxd5 20. Qxd5 Qxd5 21. Rxd5 f6 22. Bc3 Rxe1+ 23. Bxe1 c6 24. Nd6 Rd8 25. Rd2 Kf8 26. Kf1 b5 27. Ne4 Rxd2 28. Nxd2 a4 29. Ke2 Ke7 30. f3 Ke6 31. Ne4 Nd7 32. Bb4 Kd5 33. b3 c5 34. Bd2 axb3 35. axb3 b4 36. Bf4 h6 37. Kd3 g5 38. Bc7 f5 39. Nd2 Kc6 40. Bd8 Ne5+ 41. Ke3 Kd5 42. Bf6 Nd7 43. Bg7 h5 44. h3 Nb6 45. Kd3 Nc8 46. Nc4 g4 47. fxg4 fxg4 48. hxg4 hxg4 49. Ke3 Ne7 50. Kf4 Nc6 51. Kxg4 Nd4 52. Bxd4 Kxd4 53. Kf4 Kc3 54. Na5 c4 55. bxc4 b3 56. Nxb3 Kxb3 57. c5 1-0


[Site "https://www.chess.com"]

[Event "Titled Tuesday Blitz May 2 Early 2023"]
[White "Adithya A Chullikkad"]
[Black "Chernov, Mikhail"]
[WhiteFideId "45078734"]
[BlackFideId "24143170"]
[WhiteElo "1984"]
[BlackElo "2113"]
[Result "1-0"]
[Round "09"]
[TimeControl "180+2"]
[Date "2023.05.02"]
[WhiteClock "0:01:20"]
[BlackClock "0:00:04"]

1. d4 d5 2. c4 Nc6 3. cxd5 Qxd5 4. Nf3 e5 5. e3 Bg4 6. Be2 O-O-O 7. O-O exd4 8. Nxd4 Bxe2 9. Qxe2 Nxd4 10. exd4 Nf6 11. Nc3 Qxd4 12. Be3 Qd3 13. Qf3 Bb4 14. Rad1 Qa6 15. Bd4 Rd6 16. Bxf6 Rxf6 17. Qg4+ Kb8 18. Qxb4 Qc6 19. Qd4 a6 20. Qd5 Qb6 21. b3 Re8 22. Qd4 Qc6 23. Rfe1 Rc8 24. Qd5 Qb6 25. Ne4 Rg6 26. Nc5 Qb5 27. a4 Qb4 28. Re4 Rd6 29. Rxb4 Rxd5 30. Rxb7+ Ka8 31. Rxd5 Re8 32. g3 h5 33. Rxc7 h4 34. gxh4 g5 35. Rdd7 1-0


[Site "https://www.chess.com"]

[Event "Titled Tuesday Blitz May 2 Early 2023"]
[White "Lopez, Henry"]
[Black "Seder, Mohammed"]
[WhiteFideId "5203830"]
[BlackFideId "11505567"]
[WhiteElo "2177"]
[BlackElo "1862"]
[Result "0-1"]
[Round "09"]
[TimeControl "180+2"]
[Date "2023.05.02"]
[WhiteClock "0:00:02"]
[BlackClock "0:00:01"]

1. d4 Nf6 2. Nf3 e6 3. c4 d5 4. Nc3 Bb4 5. cxd5 exd5 6. Bg5 O-O 7. e3 c6 8. Bd3 h6 9. Bh4 Nbd7 10. O-O Re8 11. Rc1 a5 12. Qc2 b5 13. a3 Bd6 14. Rfe1 b4 15. axb4 axb4 16. Na4 Ba6 17. Bf5 Bb5 18. Nc5 Nxc5 19. dxc5 Be7 20. Nd4 Rb8 21. Bg3 Rb7 22. Bd3 Bxd3 23. Qxd3 Qd7 24. Qa6 Rc8 25. f3 Nh5 26. Bf2 Bf6 27. Qd3 Bxd4 28. Qxd4 Nf6 29. Red1 Re8 30. e4 dxe4 31. Qc4 Qe6 32. Qa6 Rd7 33. Rxd7 Qxd7 34. Qc4 e3 35. Be1 e2 36. Kf2 Qd1 37. Rc2 Nd5 38. Rxe2 Rxe2+ 39. Qxe2 Qd4+ 40. Kf1 Ne3+ 41. Kf2 Ng4+ 42. Kg3 Ne5 43. Qe4 Qxe4 44. fxe4 Nd3 45. Bd2 Nxc5 46. Bxb4 Nxe4+ 47. Kf4 Nf6 48. Kf5 Nd5 49. Bd2 Kf8 50. Ke5 Ke7 51. b4 Nc7 52. Kd4 Ne6+ 53. Kc4 Kd6 54. Be3 f5 55. g3 g5 56. Ba7 f4 57. Bb8+ Ke7 58. gxf4 gxf4 59. Kd3 Kf6 60. Ke4 Kg5 61. h3 Ng7 62. Bxf4+ Kg6 63. Ke5 Ne8 64. Ke6 h5 0-1


[Site "https://www.chess.com"]

[Event "Titled Tuesday Blitz May 2 Early 2023"]
[White "Mogirzan, Matei-Valeriu"]
[Black "Begunov, Konstantin"]
[WhiteFideId "1257455"]
[BlackFideId "4118510"]
[WhiteElo "1733"]
[BlackElo "2087"]
[Result "1-0"]
[Round "09"]
[TimeControl "180+2"]
[Date "2023.05.02"]
[WhiteClock "0:00:02"]
[BlackClock "0:00:02"]

1. e4 c5 2. Nf3 d6 3. d4 cxd4 4. Nxd4 Nf6 5. Nc3 a6 6. Bc4 e6 7. Bb3 Be7 8. g4 h6 9. Be3 Nc6 10. f3 d5 11. Qe2 Nxd4 12. Bxd4 dxe4 13. O-O-O exf3 14. Qxf3 Qa5 15. Rhe1 O-O 16. Re5 Qc7 17. g5 Bd6 18. gxf6 Bxe5 19. Qg4 g6 20. Qh4 Bf4+ 21. Kb1 e5 22. Nd5 Qd6 23. Nxf4 exd4 24. Nd5 Kh7 25. Rxd4 Be6 26. c4 b5 27. a3 bxc4 28. Bxc4 Rac8 29. Ne3 Qe5 30. Re4 Qg5 31. Qxg5 hxg5 32. Bxe6 fxe6 33. Rxe6 Rf7 34. Ng4 a5 35. Ne5 Rb7 36. f7 Rf8 37. Rxg6 1-0


[Site "https://www.chess.com"]

[Event "Titled Tuesday Blitz May 2 Early 2023"]
[White "Balague Camps, Marc"]
[Black "Vivas Zamora, Fabian Ernesto"]
[WhiteFideId "2297914"]
[BlackFideId "3902480"]
[WhiteElo "2089"]
[BlackElo "2262"]
[Result "1-0"]
[Round "09"]
[TimeControl "180+2"]
[Date "2023.05.02"]
[WhiteClock "0:00:06"]
[BlackClock "0:00:07"]

1. d4 Nf6 2. c4 g6 3. Nc3 d5 4. Nf3 Bg7 5. Qb3 dxc4 6. Qxc4 O-O 7. e4 a6 8. Be2 b5 9. Qb3 c5 10. dxc5 Bb7 11. e5 Nfd7 12. e6 Nxc5 13. exf7+ Rxf7 14. Qc2 Nc6 15. O-O Nb4 16. Qb1 Bxf3 17. gxf3 Ra7 18. Be3 Rc7 19. a4 Bxc3 20. bxc3 Nd5 21. Rd1 Qa8 22. Bxc5 Rxc5 23. Qe4 Qc6 24. axb5 axb5 25. Kf1 Nxc3 26. Qxc6 Rxc6 27. Ra8+ Kg7 28. Rd4 e5 29. Rb4 Nd5 30. Rb1 b4 31. Rb8 Rfc7 32. R8xb4 Rc1+ 33. Kg2 Nf4+ 34. Rxf4 exf4 35. Rxc1 Rxc1 36. Bd3 Kf6 37. Be4 h5 38. Bd5 g5 39. Be4 Ke5 40. Bg6 h4 41. Bh5 Kd4 42. Kh3 Rc2 43. Kg2 Kc3 44. Bg6 Rb2 45. Be4 Kd2 46. Kh3 Ke1 47. Kg4 Rxf2 48. Kxg5 h3 49. Kxf4 Rxh2 50. Kg3 Rh1 51. f4 Ke2 52. Bxh1 Ke3 53. f5 Kd4 54. f6 Ke5 55. f7 h2 56. f8=Q Kd4 57. Qf4+ Kc3 58. Qd6 Kb2 59. Qc5 Kb1 60. Qf2 Ka1 61. Qd2 Kb1 62. Bd5 h1=Q 63. Bxh1 Ka1 64. Kf3 Kb1 65. Ke3 Ka1 66. Kd3 Kb1 67. Kc3 Ka1 68. Qb2# 1-0


[Site "https://www.chess.com"]

[Event "Titled Tuesday Blitz May 2 Early 2023"]
[White "Fathy, Elameir"]
[Black "Devaev, Alexander"]
[WhiteFideId "10600396"]
[BlackFideId "4169395"]
[WhiteElo "2311"]
[BlackElo "2204"]
[Result "1-0"]
[Round "09"]
[TimeControl "180+2"]
[Date "2023.05.02"]
[WhiteClock "0:00:10"]
[BlackClock "0:00:27"]

1. d4 Nf6 2. c4 e6 3. Nf3 c5 4. d5 d6 5. Nc3 e5 6. e4 Nbd7 7. h3 Be7 8. Be3 O-O 9. g4 Re8 10. Nd2 Nf8 11. Be2 Ng6 12. h4 Nd7 13. g5 Nf4 14. Qc2 a6 15. Bf3 Rb8 16. a4 Nf8 17. O-O-O Bd7 18. Nb3 b5 19. Nxc5 b4 20. Nxd7 Qxd7 21. Ne2 Nxe2+ 22. Bxe2 b3 23. Qc3 Qxa4 24. Kd2 Qd7 25. Ra1 Qc8 26. Rhg1 Nd7 27. Bg4 Qc7 28. Bxd7 Qxd7 29. Rxa6 Rec8 30. Ra7 Qd8 31. h5 Rc7 32. g6 fxg6 33. hxg6 h6 34. Rxc7 Qxc7 35. Ra1 Bg5 36. Bxg5 hxg5 37. Qh3 Kf8 38. Qh8+ Ke7 39. Qxg7+ Kd8 40. Qf8+ Kd7 41. Qf7+ Kc8 42. Qxc7+ Kxc7 43. Ra7+ Kb6 44. Rf7 Kc5 45. Kc3 Rg8 46. g7 g4 47. Kxb3 Kd4 48. Kb4 Kxe4 49. Kb5 Kd4 50. b3 e4 51. Kc6 Ke5 52. c5 dxc5 53. d6 Ke6 54. Re7+ Kf5 55. d7 g3 56. fxg3 Kf6 57. Re8 Rxg7 58. d8=Q+ Kf5 59. Rf8+ Kg4 60. Rg8 Rxg8 61. Qxg8+ Kf3 62. Kxc5 1-0


[Site "https://www.chess.com"]

[Event "Titled Tuesday Blitz May 2 Early 2023"]
[White "Horak, Martin"]
[Black "Napoli, Nicolo"]
[WhiteFideId "367095"]
[BlackFideId "813702"]
[WhiteElo "2091"]
[BlackElo "2308"]
[Result "0-1"]
[Round "09"]
[TimeControl "180+2"]
[Date "2023.05.02"]
[WhiteClock "0:00:01"]
[BlackClock "0:00:05"]

1. e4 c6 2. Ne2 d5 3. e5 g6 4. h4 Bg7 5. d4 h5 6. Nf4 Nh6 7. Bd3 Bf5 8. Nc3 Qb6 9. Nce2 Na6 10. e6 Bxd4 11. exf7+ Nxf7 12. Nxd4 Qxd4 13. Nxg6 Bxg6 14. Bxg6 Qxd1+ 15. Kxd1 O-O 16. Bxh5 Ne5 17. f4 Nc4 18. b3 Nd6 19. Bg6 Nc5 20. Bb2 Nce4 21. Rf1 Nf5 22. Bxf5 Rxf5 23. g4 Rf7 24. c4 dxc4 25. bxc4 Rd8+ 26. Kc2 Ng3 27. Rf3 Ne2 28. Raf1 Nd4+ 29. Bxd4 Rxd4 30. Kc3 Re4 31. g5 Re2 32. R1f2 Rxf2 33. Rxf2 Rf5 34. Kd3 Kf7 35. Ke4 e6 36. h5 Rc5 37. Kd4 Rf5 38. h6 Kg6 39. Ke4 Rc5 40. Rd2 Rxc4+ 41. Ke5 Rc5+ 42. Kxe6 Rf5 43. Rd4 c5 44. Re4 c4 45. h7 Rf8 46. f5+ Kxg5 47. f6 Rxf6+ 48. Ke7 Rh6 49. Rxc4 Rxh7+ 50. Kd6 Rh6+ 51. Kd5 Rb6 52. a4 Kf6 53. Re4 a6 54. Kc5 Rb1 55. Rc4 Ke6 56. Re4+ Kd7 57. Rh4 Rc1+ 58. Kb6 Rb1+ 59. Ka7 b5 60. Kxa6 bxa4 61. Rxa4 Kc6 62. Ka5 Rb5+ 0-1


[Site "https://www.chess.com"]

[Event "Titled Tuesday Blitz May 2 Early 2023"]
[White "Zaichenko, Daria"]
[Black "Panda Sambit"]
[WhiteFideId "4197453"]
[BlackFideId "25091794"]
[WhiteElo "2039"]
[BlackElo "2272"]
[Result "0-1"]
[Round "09"]
[TimeControl "180+2"]
[Date "2023.05.02"]
[WhiteClock "0:01:39"]
[BlackClock "0:01:42"]

1. e4 Nc6 2. d4 d6 3. f4 Nf6 4. Nc3 g6 5. Nf3 Bg7 6. Bd3 Bg4 7. Be3 e5 8. d5 exf4 9. Bxf4 Nd4 10. Be3 Bxf3 11. gxf3 Nh5 12. Bxd4 Bxd4 13. Qd2 Qh4+ 14. Kd1 O-O 15. Kc1 Rae8 16. Ne2 Bb6 17. c3 f5 18. Kc2 fxe4 19. Bxe4 Nf6 20. Ng3 Nxe4 21. Nxe4 Rxf3 22. Rae1 Rxe4 0-1


[Site "https://www.chess.com"]

[Event "Titled Tuesday Blitz May 2 Early 2023"]
[White "Rottenwohrer Suarez, Juan"]
[Black "Biriukov, Ilja"]
[WhiteFideId "32068182"]
[BlackFideId "4113373"]
[WhiteElo "2174"]
[BlackElo "2426"]
[Result "0-1"]
[Round "09"]
[TimeControl "180+2"]
[Date "2023.05.02"]
[WhiteClock "0:00:01"]
[BlackClock "0:00:29"]

1. d4 Nf6 2. c4 g6 3. Nc3 Bg7 4. e4 d6 5. Be2 O-O 6. Be3 Nbd7 7. h4 c5 8. d5 a6 9. a4 Rb8 10. h5 Ne5 11. Qd2 b5 12. axb5 axb5 13. cxb5 c4 14. Bh6 e6 15. Bxg7 Kxg7 16. hxg6 fxg6 17. Nf3 exd5 18. exd5 Qe7 19. Nxe5 Qxe5 20. Ra7+ Rb7 21. b6 Rff7 22. Ra8 Rf8 23. O-O Re7 24. Ra7 Bb7 25. g3 Rff7 26. Bxc4 Ng4 27. Kg2 Qf5 0-1


[Site "https://www.chess.com"]

[Event "Titled Tuesday Blitz May 2 Early 2023"]
[White "Levitan, Caleb Levi"]
[Black "Sai Han Thiha"]
[WhiteFideId "14332620"]
[BlackFideId "13012290"]
[WhiteElo "1963"]
[BlackElo "1954"]
[Result "1-0"]
[Round "09"]
[TimeControl "180+2"]
[Date "2023.05.02"]
[WhiteClock "0:00:07"]
[BlackClock "0:01:11"]

1. e4 c6 2. d4 d5 3. exd5 cxd5 4. Bd3 Nc6 5. c3 Nf6 6. Bf4 Bg4 7. Qb3 Qd7 8. Nd2 e6 9. Ngf3 Bd6 10. Ne5 Qc7 11. Nxg4 Bxf4 12. Nxf6+ gxf6 13. Nf3 h5 14. g3 Bd6 15. h4 O-O-O 16. O-O-O Kb8 17. Kb1 Rc8 18. Rhe1 f5 19. Qa4 f4 20. gxf4 Bxf4 21. c4 dxc4 22. Qxc4 Ne7 23. Qb3 Nd5 24. Be4 Rhd8 25. Re2 Qb6 26. Bxd5 Rxd5 27. Qxb6 axb6 28. Re4 Bh6 29. Ne5 Rc7 30. Re2 Rxd4 31. Rg1 Ka7 32. a3 Rxh4 33. Rg8 Bf4 34. Nf3 Rh3 35. Nd4 Rc5 36. Re4 Be5 37. Nb3 Rb5 38. Ra4+ Ra5 39. Nxa5 bxa5 40. Rxa5+ Kb6 41. Rxe5 Rh2 42. f3 h4 43. Rh8 Kc6 44. Reh5 Rf2 45. Rxh4 Rf1+ 46. Kc2 Rxf3 47. Rc4+ Kd5 48. Rb4 Rf2+ 49. Kb3 f5 50. Rxb7 f4 51. a4 Rf3+ 52. Ka2 Kc6 53. Rf7 e5 54. Rf6+ Kd5 55. a5 Rg3 56. a6 Rg7 57. Ra8 Ke4 58. a7 f3 59. Ra6 f2 60. Rf8 Ke3 61. a8=Q Rd7 62. Qf3+ Kd4 63. Qxf2+ Kd5 64. Qd2+ Ke4 65. Ra4+ Rd4 66. Rxd4+ exd4 67. Rd8 Kf5 68. Rxd4 Ke5 69. Qe3+ Kf5 70. Rf4+ Kg5 71. Qg3+ Kh6 72. Rh4# 1-0


[Site "https://www.chess.com"]

[Event "Titled Tuesday Blitz May 2 Early 2023"]
[White "Zaitsev, Alexander"]
[Black "Wessendorf, Thomas, Dr."]
[WhiteFideId "4164490"]
[BlackFideId "4604270"]
[WhiteElo "2373"]
[BlackElo "2280"]
[Result "1-0"]
[Round "09"]
[TimeControl "180+2"]
[Date "2023.05.02"]
[WhiteClock "0:00:02"]
[BlackClock "0:00:02"]

1. e4 c5 2. Nf3 d6 3. d4 cxd4 4. Qxd4 Nf6 5. Nc3 Nc6 6. Bb5 e5 7. Qd3 h6 8. O-O Be6 9. Nd2 Rc8 10. Nc4 a6 11. Bxc6+ bxc6 12. Rd1 Bxc4 13. Qxc4 Qb6 14. Be3 Qb7 15. Qb3 Rb8 16. f3 Be7 17. Qxb7 Rxb7 18. Na4 O-O 19. c4 Rfb8 20. b3 Ne8 21. c5 dxc5 22. Nxc5 Bxc5 23. Bxc5 f6 24. Rac1 Rc8 25. Rc4 Kf7 26. Ra4 Nc7 27. Rd7+ Kg6 28. Bd6 h5 29. Rc4 Nb5 30. Rxb7 Nxd6 31. Rb6 Nxc4 32. bxc4 Rd8 33. Rxa6 Rd2 34. h4 Rc2 35. Rxc6 Rxa2 36. Kh2 Rc2 37. Kh3 Kh6 38. Rc7 g5 39. hxg5+ Kxg5 40. c5 Rc1 41. Rg7+ Kf4 42. Rc7 Kg5 43. Kg3 h4+ 44. Kh2 Kf4 45. Rg7 1-0


[Site "https://www.chess.com"]

[Event "Titled Tuesday Blitz May 2 Early 2023"]
[White "Jimenez Fernandez, Rebeca"]
[Black "Koridze, Lile"]
[WhiteFideId "32070934"]
[BlackFideId "13612514"]
[WhiteElo "2008"]
[BlackElo "2047"]
[Result "1-0"]
[Round "09"]
[TimeControl "180+2"]
[Date "2023.05.02"]
[WhiteClock "0:01:26"]
[BlackClock "0:00:51"]

1. e4 c5 2. Nc3 d6 3. g3 g6 4. Bg2 Bg7 5. d3 Nc6 6. Be3 e6 7. Qd2 Nge7 8. Bh6 O-O 9. h4 Bxh6 10. Qxh6 Kh8 11. h5 Ng8 12. Qd2 Qf6 13. hxg6 fxg6 14. Nf3 Nd4 15. Ng5 h6 16. Nh3 Nf3+ 17. Bxf3 Qxf3 18. Rh2 Kg7 19. Ne2 Nf6 20. Nhg1 Qg4 21. Qxh6+ Kf7 22. O-O-O Nh5 23. f3 Rh8 24. Qxh8 Qg5+ 25. Kb1 b6 26. Qh7+ 1-0


[Site "https://www.chess.com"]

[Event "Titled Tuesday Blitz May 2 Early 2023"]
[White "Smith, Shreyas"]
[Black "Marcziter, Dmitrii"]
[WhiteFideId "7400713"]
[BlackFideId "13900765"]
[WhiteElo "2151"]
[BlackElo "2162"]
[Result "1-0"]
[Round "09"]
[TimeControl "180+2"]
[Date "2023.05.02"]
[WhiteClock "0:00:22"]
[BlackClock "0:00:37"]

1. e4 c5 2. Nf3 a6 3. c3 d5 4. exd5 Qxd5 5. d4 Nf6 6. Be3 cxd4 7. cxd4 Bg4 8. Be2 e6 9. Nc3 Qd6 10. O-O Nc6 11. Ne5 Bxe2 12. Qxe2 Nb4 13. Bg5 Be7 14. Rfe1 O-O 15. Rad1 Nbd5 16. h4 h6 17. Bc1 Rac8 18. Rd3 Kh8 19. Rg3 Nxc3 20. bxc3 Nd5 21. Qh5 Bf6 22. Bxh6 Kg8 23. Bxg7 Bxg7 24. Qh6 Rxc3 25. Qxg7# 1-0


[Site "https://www.chess.com"]

[Event "Titled Tuesday Blitz May 2 Early 2023"]
[White "Balla, Tamas-Kristof"]
[Black "Panico, Nick"]
[WhiteFideId "1208497"]
[BlackFideId "2026724"]
[WhiteElo "2334"]
[BlackElo "1982"]
[Result "1-0"]
[Round "09"]
[TimeControl "180+2"]
[Date "2023.05.02"]
[WhiteClock "0:00:39"]
[BlackClock "0:00:26"]

1. e4 e6 2. d4 d5 3. Nd2 Nf6 4. e5 Nfd7 5. Bd3 c5 6. Ne2 Nc6 7. c3 cxd4 8. cxd4 f6 9. exf6 Nxf6 10. O-O Bd6 11. Nf3 Qc7 12. h3 O-O 13. Bg5 Bd7 14. Rc1 Be8 15. a3 a6 16. Bb1 Bh5 17. Qd3 Bg6 18. Qe3 Bxb1 19. Rxb1 Ne4 20. Bh4 Qf7 21. Ng3 Nxg3 22. Bxg3 Bxg3 23. fxg3 Qg6 24. Ne5 Nxe5 25. Qxe5 Rxf1+ 26. Rxf1 Rf8 27. Re1 Re8 28. Kh2 Qf6 29. Qc7 Re7 30. Qd8+ Qf8 31. Qb6 Qe8 32. Re5 Qd7 33. Qb4 Qc7 34. Qd2 Qd7 35. Qg5 Rf7 36. Qg4 Re7 37. Re3 Qd6 38. Qg5 h6 39. Qg6 Qd7 40. Rf3 Rf7 41. Rc3 Re7 42. Qc2 Qd6 43. Rc8+ Kf7 44. Qf2+ Kg6 45. Rf8 Qd7 46. Qc2+ Kg5 47. h4+ Kh5 48. Rf4 g5 49. g4+ Kxh4 50. g3# 1-0


[Site "https://www.chess.com"]

[Event "Titled Tuesday Blitz May 2 Early 2023"]
[White "Yonal, Timur"]
[Black "Toktomushev, Teimur"]
[WhiteFideId "44115725"]
[BlackFideId "14176726"]
[WhiteElo "1966"]
[BlackElo "2116"]
[Result "1/2-1/2"]
[Round "09"]
[TimeControl "180+2"]
[Date "2023.05.02"]
[WhiteClock "0:00:04"]
[BlackClock "0:00:02"]

1. e4 c5 2. Nf3 e6 3. d4 cxd4 4. Nxd4 a6 5. Nc3 b5 6. Be2 Bb7 7. O-O Nc6 8. Be3 Nf6 9. f3 Qc7 10. Kh1 Be7 11. Qe1 O-O 12. Qf2 Rfd8 13. Rfd1 Ne5 14. Nb3 Qc8 15. Na5 d5 16. exd5 Nxd5 17. Nxd5 Bxd5 18. Bb6 Rd7 19. Rd2 Nc4 20. Nxc4 Bxc4 21. Rxd7 Qxd7 22. Rd1 Qb7 23. Bxc4 bxc4 24. a4 a5 25. Bc5 Bxc5 26. Qxc5 Qxb2 27. Qxa5 Rf8 28. Qd2 g6 29. a5 Ra8 30. h3 Qa2 31. Qc3 Qxa5 32. Qxc4 Qa2 33. Rd8+ Kg7 34. Qd4+ Kh6 35. Rxa8 Qxa8 36. c4 Qc6 37. c5 Kg5 38. Qe5+ Kh6 39. Qd6 Qb5 40. c6 Qb1+ 41. Kh2 Qc1 42. c7 Kg7 43. Qd7 Qf4+ 44. Kg1 Qc1+ 45. Kf2 Qb2+ 46. Ke1 Qc1+ 47. Ke2 Qc2+ 48. Ke3 Qc3+ 49. Kf2 Qb2+ 50. Kg3 Qe5+ 51. Kf2 Qb2+ 1/2-1/2


[Site "https://www.chess.com"]

[Event "Titled Tuesday Blitz May 2 Early 2023"]
[White "Torres Dominguez, David"]
[Black "Fernandez Siles, Luis"]
[WhiteFideId "2220857"]
[BlackFideId "2209420"]
[WhiteElo "1999"]
[BlackElo "2195"]
[Result "0-1"]
[Round "09"]
[TimeControl "180+2"]
[Date "2023.05.02"]
[WhiteClock "0:00:02"]
[BlackClock "0:00:04"]

1. e4 c5 2. Nc3 Nc6 3. Bb5 Nd4 4. Bc4 g6 5. Nf3 Bg7 6. Nxd4 cxd4 7. Qf3 Nh6 8. d3 O-O 9. Ne2 Ng4 10. Bb3 d6 11. h3 Ne5 12. Qg3 a5 13. a4 Nc6 14. O-O Be6 15. Bxe6 fxe6 16. f4 Qd7 17. Bd2 e5 18. b3 Rac8 19. Rac1 exf4 20. Nxf4 Be5 21. Qh4 e6 22. Qg4 Rce8 23. Ne2 Kg7 24. Bg5 h5 25. Qh4 Nb4 26. Nf4 Bxf4 27. Bxf4 e5 28. Bg5 Rxf1+ 29. Kxf1 Rf8+ 30. Kg1 Rf7 31. Bd2 Qc6 32. Bxb4 axb4 33. Qg3 Qc3 34. Qe1 Qc8 35. Qe2 Qc5 36. Rf1 Rxf1+ 37. Kxf1 b5 38. axb5 Qxb5 39. Qd2 Qa5 40. Kg1 Qa1+ 41. Kh2 Qa5 42. Qf2 Qc5 43. Qd2 Kf6 44. Qf2+ Kg7 45. Qh4 Qc7 46. Qf2 Qf7 47. Qe2 d5 48. Kg1 Qb7 49. exd5 Qxd5 50. Qf2 Qc5 51. Qd2 Qd6 52. Qe2 Qc7 53. Qd2 Qc5 54. Qe2 Kf6 55. Qf2+ Ke6 56. Qe2 Kd5 57. Qf3+ Ke6 58. Qe2 Qf8 59. Qf2 Qf4 60. Qxf4 exf4 61. Kf2 g5 62. h4 g4 63. Ke2 Kf5 64. Kf2 Ke5 65. Ke2 g3 66. Kf3 Kf5 0-1


[Site "https://www.chess.com"]